 Dungeon Sprint DCSS version 0.31-a0-588-g14bffd4ff3 (webtiles) character file.

Game seed: 14979731455378769077

5213 Conn the Eclecticist (level 10, -3/56 HPs)
             Began as an Octopode Fire Elementalist on Aug 19, 2023.
             Was an Elder of Sif Muna.
             Shot with an arrow by a centaur warrior (25 damage)
             ... in the Dungeon (Sprint I: "Red Sonja").
             The game lasted 00:08:44 (1159 turns).

Conn the Eclecticist (Octopode Fire Elementalist)   Turns: 1159, Time: 00:08:45

Health: -3/56      AC:  1    Str:  9    XL:     10   Next: 61%
Magic:  18/29      EV: 14    Int: 19    God:    Sif Muna [****..]
Gold:   1325       SH:  0    Dex: 12    Spells: 29/39 levels left

rFire   . . .        h - +2 short sword (drain)
rCold   . . .        (no shield)
rNeg    . . .        (helmet restricted)
rPois   .            (no amulet)
rElec   .            (no ring)
rCorr   .            (no ring)
SInv    .            (no ring)
Will    .....        (no ring)
Stlth   ++++         (no ring)
HPRegen 0.00/turn    (no ring)
MPRegen 0.21/turn    (no ring)
                     (no ring)

%: no teleportation
@: inhibited regen
A: almost no armour, amphibious, 8 rings, camouflage 1, gelatinous body 1,
(nimble swimmer 1), tentacles, dopey 1, inhibited regeneration
a: Renounce Religion, Channel Magic, Forget Spell, Divine Exegesis


You were in the Dungeon.
You worshipped Sif Muna.
Sif Muna was greatly pleased with you.
You visited 1 branch You collected 2053 gold pieces.
You spent 728 gold pieces at shops.

Inventory:

Hand Weapons
 e - a +0 dagger
 h - a +2 short sword of draining (weapon)
Missiles
 g - 4 poisoned darts
Wands
 b - a wand of charming (8)
 m - a wand of flame (12)
Scrolls
 f - a scroll of blinking
 k - a scroll of identify {unknown}
Potions
 a - 2 potions of magic
 d - a potion of haste
 j - a potion of curing
 l - a potion of mutation {unknown}


   Skills:
 + Level 0.1 Fighting
 + Level 2.0 Throwing
 + Level 5.4 Dodging
 + Level 6.8 Stealth
 * Level 15.4 Spellcasting
 * Level 10.0 Conjurations
 + Level 3.9 Hexes
 + Level 13.6 Fire Magic


You had 29 spell levels left.
You knew the following spells:

 Your Spells              Type           Power      Damage    Failure   Level
a - Foxfire               Conj/Fire      100%       2x1d9     1%          1
b - Scorch                Fire           100%       2d9       1%          2
c - Inner Flame           Hex/Fire       48%        N/A       1%          3
d - Flame Wave            Conj/Fire      56%        2d13      1%          4

Your spell library contained the following spells:

 Spells                   Type           Power      Damage    Failure   Level
 Volatile Blastmotes      Fire/Tloc      80%        2d16      1%          3
 Ensorcelled Hibernation  Hex/Ice        44%        N/A       2%          2
 Anguish                  Hex/Necr       11%        N/A       19%         4


Dungeon Overview and Level Annotations

Branches:
Dungeon (1/1)

Altars:
Cheibriados
Dithmenos
Elyvilon
Fedhas
Gozag
Hepliaklqana
Kikubaaqudgha
Makhleb
Nemelex Xobeh
Okawaru
Qazlal
Ru
Sif Muna
Trog
Uskayaw
Vehumet
Wu Jian
Xom
Yredelemnul
Zin
The Shining One
Jiyva
Lugonu

Shops:
D ?([


Innate Abilities, Weirdness & Mutations

You cannot wear most types of armour.
You are amphibious.
You can wear up to eight rings at the same time.
Your skin changes colour to match your surroundings (Stealth+).
Your rubbery body absorbs attacks. (AC +1, EV +1)
((You are camouflaged when in or above water. (Stealth+)))
You have tentacles for arms and can constrict up to eight enemies at once.
You are dopey. (Int -2)
You do not regenerate when monsters are visible.


Message History

The arrow barely misses you.
Casting: Flame Wave (safe; 1% risk of failure)
Confirm with . or Enter, or press ? or * to list all spells.
Okay, then.
Press: ? - help, v - describe, . - travel, g - get item Item here: a +0 orcbow.
An open door.
Unknown command.
You close the door, pushing everything out of the way.
A centaur warrior opens the door.
You close the door.
A centaur warrior opens the door.
You close the door.
A centaur warrior opens the door.
You close the door.
A centaur warrior breaks down the door.
Casting: Flame Wave (safe; 1% risk of failure)
Confirm with . or Enter, or press ? or * to list all spells.
Okay, then.
Unknown command.
Okay, then.
Unknown command.
Okay, then.
Unknown command.
Unknown command.
Aiming: Charm
Press: ? - help, Shift-Dir - straight line, f/p - centaur warrior
Aim: a centaur warrior, wielding a +0 orcbow (heavily wounded, very poisoned, slow, chance to affect: 31%)
Okay, then.
Unknown command.
Unknown command.
Casting: Flame Wave (safe; 1% risk of failure)
Confirm with . or Enter, or press ? or * to list all spells.
Flames lash the centaur warrior.
The centaur warrior is almost dead.
The centaur warrior's fire resistance burns away.
The centaur warrior shoots an arrow.
The arrow closely misses you.
Casting: Scorch (safe; 1% risk of failure)
Confirm with . or Enter, or press ? or * to list all spells.
Flames lash the centaur warrior.
The centaur warrior is burned terribly!
The centaur warrior is almost dead.
The centaur warrior shoots an arrow.
The arrow hits you!!
You die...

##########################
#<.#..)..#..'..#__#..'.))#
#..'.§#..').#..'..'..#...#
#.[#####'#####'#__####...+
#..####..#...#.####:§#####
#..#__####)@##.#~§§§
#..#_____##'#_.'c§§§.+
#⌠⌠#_v∩..§'.c§_#~c§§c#
####_.§§§##_.#v##+###
#_____###'#§#..[[###
############.####'###.##
#∩........+...'.....'.∩#
###''''####...##########
#......§####.###


You could see a centaur warrior (very poisoned, slow, combustible).

Vanquished Creatures
  A centaur warrior (D)
  Sonja (D)
  A deep troll (D)
  5 shining eyes (D)
  2 kobold demonologists (D)
  Sigmund (D)
  A slime creature (D)
  A yak (D)
  5 floating eyes (D)
  An ogre (D)
  A jelly (D)
  Ijyb (D)
21 creatures vanquished.

Vanquished Creatures (others)
  2 ballistomycete spores (D)
  42 foxfires (D)
44 creatures vanquished.

Grand Total: 65 creatures vanquished

Notes
Turn   | Place    | Note
-------+----------+-------------------------------------------
     0 | D        | Conn the Octopode Fire Elementalist began the quest for the
                  | Orb.
     0 | D        | Reached XP level 1. HP: 11/11 MP: 3/3
     1 | D        | Noticed Ijyb
    21 | D        | Killed Ijyb
    22 | D        | Reached skill level 3 in Spellcasting
    22 | D        | Reached XP level 2. HP: 4/17 MP: 0/6
    35 | D        | Learned a level 2 spell: Scorch
    72 | D        | Noticed an ogre
    77 | D        | Killed an ogre
    78 | D        | Reached skill level 4 in Spellcasting
    78 | D        | Reached XP level 3. HP: 21/21 MP: 0/9
    78 | D        | Reached XP level 4. HP: 27/27 MP: 0/10
   159 | D        | Noticed Sigmund
   161 | D        | Killed Sigmund
   162 | D        | Reached skill level 5 in Stealth
   162 | D        | Reached skill level 6 in Spellcasting
   162 | D        | Reached skill level 5 in Conjurations
   162 | D        | Reached XP level 5. HP: 31/31 MP: 8/14
   162 | D        | Reached XP level 6. HP: 36/36 MP: 8/15
   225 | D        | Learned a level 3 spell: Inner Flame
   230 | D        | Learned a level 4 spell: Flame Wave
   230 | D        | Found a shimmering blue altar of Sif Muna.
   231 | D        | Found an ornate altar of the Wu Jian Council.
   232 | D        | Found a radiant altar of Vehumet.
   237 | D        | Reached skill level 7 in Spellcasting
   244 | D        | Became a worshipper of Sif Muna the Loreminder
   268 | D        | Found Fyusylei's Weapon Emporium.
   268 | D        | Found an ancient bone altar of Kikubaaqudgha.
   268 | D        | Found a hazy altar of Hepliaklqana.
   268 | D        | Found a stormy altar of Qazlal.
   268 | D        | Found a hide-covered altar of Uskayaw.
   268 | D        | Found a blossoming altar of Fedhas.
   268 | D        | Found a bloodstained altar of Trog.
   268 | D        | Found an iron altar of Okawaru.
   268 | D        | Found a basalt altar of Yredelemnul.
   268 | D        | Found a glowing golden altar of the Shining One.
   268 | D        | Found a snail-covered altar of Cheibriados.
   268 | D        | Found a sacrificial altar of Ru.
   268 | D        | Found a glowing silver altar of Zin.
   268 | D        | Found a shadowy altar of Dithmenos.
   268 | D        | Found a white marble altar of Elyvilon.
   268 | D        | Noticed a yak
   275 | D        | Killed a yak
   276 | D        | Reached skill level 8 in Spellcasting
   276 | D        | Reached XP level 7. HP: 41/41 MP: 9/18
   278 | D        | Found an opulent altar of Gozag.
   279 | D        | Found a sparkling altar of Nemelex Xobeh.
   328 | D        | Noticed Sonja
   332 | D        | Killed Sonja
   333 | D        | Reached skill level 5 in Dodging
   333 | D        | Reached skill level 10 in Spellcasting
   333 | D        | Reached skill level 10 in Fire Magic
   333 | D        | Reached XP level 8. HP: 16/46 MP: 11/22
   570 | D        | Found Kikk's Magic Scroll Boutique.
   590 | D        | Noticed a deep troll
   601 | D        | Killed a deep troll
   601 | D        | Reached * piety under Sif Muna
   602 | D        | Reached skill level 11 in Spellcasting
   616 | D        | Found Niasint's Armour Emporium.
   684 | D        | Bought a scroll of acquirement for 728 gold pieces
   686 | D        | Acquired 1193 gold pieces
   711 | D        | Found a burning altar of Makhleb.
   711 | D        | Found a viscous altar of Jiyva.
   711 | D        | Found a shimmering altar of Xom.
   711 | D        | Found a corrupted altar of Lugonu.
   711 | D        | Noticed a slime creature
   717 | D        | Killed a slime creature
   718 | D        | Reached XP level 9. HP: 51/51 MP: 15/24
   776 | D        | Noticed a shining eye
   776 | D        | Noticed a shining eye
   776 | D        | Noticed a shining eye
   787 | D        | Noticed a shining eye
   788 | D        | Paralysed by a floating eye for 4 turns
   793 | D        | Paralysed by a floating eye for 3 turns
   794 | D        | Noticed a shining eye
   798 | D        | Paralysed by a floating eye for 3 turns
   802 | D        | Paralysed by a floating eye for 2 turns
   807 | D        | Paralysed by a floating eye for 4 turns
   817 | D        | Paralysed by a floating eye for 2 turns
   820 | D        | Reached skill level 1 in Throwing
   824 | D        | Paralysed by a floating eye for 3 turns
   827 | D        | Gained mutation: You do not regenerate when monsters are
                  | visible. [a shining eye]
   828 | D        | Killed a shining eye
   828 | D        | Reached ** piety under Sif Muna
   828 | D        | Gained mutation: You are dopey. (Int -2) [a shining eye]
   829 | D        | Reached skill level 12 in Spellcasting
   829 | D        | Reached skill level 1 in Hexes
   829 | D        | Killed a shining eye
   829 | D        | Paralysed by a floating eye for 3 turns
   830 | D        | Reached skill level 13 in Spellcasting
   832 | D        | Killed a shining eye
   833 | D        | Reached *** piety under Sif Muna
   833 | D        | Killed a shining eye
   833 | D        | Killed a shining eye
   834 | D        | Reached skill level 14 in Spellcasting
   834 | D        | Reached XP level 10. HP: 56/56 MP: 7/28
   940 | D        | Reached **** piety under Sif Muna
   941 | D        | Noticed a shining eye
   941 | D        | Noticed a shining eye
   941 | D        | Noticed a shining eye
  1054 | D        | Noticed a kobold demonologist
  1056 | D        | Noticed a kobold demonologist
  1057 | D        | Killed a kobold demonologist
  1057 | D        | Killed a kobold demonologist
  1058 | D        | Reached skill level 15 in Spellcasting
  1137 | D        | Noticed a centaur warrior
  1139 | D        | Noticed a centaur warrior
  1150 | D        | Killed a centaur warrior
  1151 | D        | Reached skill level 10 in Conjurations
  1159 | D        | Shot with an arrow by a centaur warrior

Illustrated notes

Levels and vault maps discovered:
D:        dungeon_sprint_1 [red_sonja_temple_1, red_sonja_temple_small_1]

Skill      XL: |  1  2  3  4  5  6  7  8  9 10 |
---------------+-------------------------------+-----
Stealth        | 3 4 5 6 |  6.8
Spellcasting   | 3 4 6 8 10 11 14 15 | 15.4
Conjurations   | 2 3 5 7 9 10 | 10.0
Fire Magic     | 4 6 8 9 10 11 13 | 13.6
Dodging        | 3 4 5 |  5.4
Throwing       | 1 2 |  2.0
Hexes          | 3 |  3.9
Fighting       | |  0.1

Action                     |  1- 3 |  4- 6 |  7- 9 | 10-12 || total
---------------------------+-------+-------+-------+-------++-------
  Melee: Unarmed           |     8 |       |       |       ||     8
         Tentacles         |     2 |       |       |       ||     2
         Constrict         |     1 |       |       |       ||     1
         Dagger            |     1 |       |       |       ||     1
  Throw: Dart              |       |       |     4 |     4 ||     8
   Cast: Foxfire           |     6 |     4 |     4 |    12 ||    26
         Scorch            |     2 |     5 |    10 |     6 ||    23
         Flame Wave        |       |       |     5 |     1 ||     6
         Inner Flame       |       |       |     6 |     2 ||     8
    Use: Potion            |     2 |       |     1 |     2 ||     5
         Scroll            |       |       |     1 |       ||     1
 Armour: Skin              |     1 |       |       |       ||     1
  Dodge: Dodged            |     6 |       |     5 |     3 ||    14

Table legend: (Time is in decaauts)
 A = Elapsed time spent in this place.
 B = Non-inter-level travel time spent in this place.
 C = Inter-level travel time spent in this place.
 D = Time resting spent in this place.
 E = Time spent auto-exploring this place.
 F = Levels seen in this place.
 G = Mean time per level.
                   A        B        C        D        E       F      G
               +--------+--------+--------+--------+--------+-----+--------+
         Total |   1171 |   1171 |      0 |    590 |      0 |   1 | 1171.0 |
       Dungeon |   1171 |   1171 |      0 |    590 |      0 |   1 | 1171.0 |
               +--------+--------+--------+--------+--------+-----+--------+

Top non-repeatable levels by time:
       D: 1171 daAuts
